[Event "Early-Titled-Tuesday-Blitz-February-20-2024"]
[Site "Chess.com"]
[Date "2024.02.20"]
[Round "1"]
[White "topce"]
[Black "Sammed_Shete"]
[Result "0-1"]
[WhiteElo "2398"]
[BlackElo "2735"]
[TimeControl "180+1"]
[EndTime "8:05:30 PST"]
[Termination "Sammed_Shete won by resignation"]

1. c4 Nf6 2. Nc3 g6 3. e4 d6 4. d4 Bg7 5. f4 c5 6. d5 e6 7.
dxe6 Bxe6 8. Nf3 O-O 9. Bd3 Nc6 10. O-O Bg4 11. h3 Bxf3 12. Qxf3 Re8 13. Be3 a6 14. Rae1 Rb8 15. Kh1 Nb4 16. Bb1 Nd7 17. e5 dxe5 18. f5 e4 19. Bxe4 Ne5 20.
Qg3 Nxc4 21. Bxc5 Nd2 22. Bxb4 Nxf1 23. Rxf1 Qd4 24. fxg6 hxg6 25. Ba3 Qc4 26. Qf3 Bxc3 27.
bxc3 Rxe4 28. Rd1 Rbe8 29. Rd3 Qxa2 30. c4 Qe2 31. Qg3 Qe1+ 32. Qxe1 Rxe1+ 33. Kh2 R1e3 34. Rxe3 Rxe3 35. Bc5 Rc3 36. Bb6 Rxc4 37. Bc7 Rxc7 0-1

[Event "Early-Titled-Tuesday-Blitz-February-20-2024"]
[Site "Chess.com"]
[Date "2024.02.20"]
[Round "1"]
[White "IngOscarArdila"]
[Black "deribas12345"]
[Result "0-1"]
[WhiteElo "2240"]
[BlackElo "2610"]
[TimeControl "180+1"]
[EndTime "8:05:33 PST"]
[Termination "deribas12345 won by resignation"]

1. d4 Nf6 2. c4 c5 3. Nf3 cxd4 4. Nxd4 e5 5. Nb3 d5 6. cxd5 Qxd5 7. Qxd5 Nxd5 8. e4 Nb4 9. Na3 N8c6 10. Bd2 Be6 11. Bb5 O-O-O 12. Bc3 Nxa2 13. Bxc6 bxc6 14. Rxa2 Bxb3 15. Ra1 f6 16. f3 Bc5 17. Ba5 Rd7 18. Rc1 Bxa3 19. bxa3 Ba4 20. Kf2 Bb5 21. Rhd1 Rxd1 22.
Rxd1 Ba4 23. Rd2 c5 24. Rd6 Kb7 25. Rd7+ Bxd7 0-1

[Event "Early-Titled-Tuesday-Blitz-February-20-2024"]
[Site "Chess.com"]
[Date "2024.02.20"]
[Round "1"]
[White "Akylbek2021"]
[Black "Mikasinski"]
[Result "0-1"]
[WhiteElo "2279"]
[BlackElo "2633"]
[TimeControl "180+1"]
[EndTime "8:05:39 PST"]
[Termination "Mikasinski won by resignation"]

1. e4 c5 2. d4 cxd4 3. c3 Nf6 4. e5 Nd5 5. Bc4 Nb6 6. Bb3 d6 7. exd6 Qxd6 8. cxd4 Nc6 9. Nf3 Bf5 10. O-O e6 11. Nc3 a6 12. Re1 Be7 13. Ne5 Nxd4 14. Bf4 O-O 15.
Ng6 Qb4 16. Nxf8 Nxb3 17. Qxb3 Qxb3 18. axb3 Kxf8 19. Ne4 Nd5 20. Bd6 Rc8 21. Bxe7+ Kxe7 22. Nd2 Rc2 23. Nc4 Nf4 24. Rad1 Nd3 25. Rf1 Nxb2 26. Rc1 Nxc4 27. Rxc2 Bxc2 28. bxc4 Bd3 29. Rb1 Bxb1 30. Kf1 Bd3+ 31. Ke1 Bxc4 32. Kd2 Bd5 33. g3 a5 34. Kc3 a4 35. Kb4 b5 0-1

[Event "Early-Titled-Tuesday-Blitz-February-20-2024"]
[Site "Chess.com"]
[Date "2024.02.20"]
[Round "1"]
[White "ContrVersia"]
[Black "secrethawk1"]
[Result "1-0"]
[WhiteElo "2849"]
[BlackElo "2476"]
[TimeControl "180+1"]
[EndTime "8:05:44 PST"]
[Termination "ContrVersia won by checkmate"]

1. Nf3 Nf6 2. c4 c6 3. g3 d5 4. Bg2 Bf5 5. Qb3 Qb6 6. d3 Nbd7 7. O-O e6 8. cxd5 exd5 9. Qc2 Be7 10. Nc3 h6 11. e4 dxe4 12. dxe4 Bh7 13. Be3 Qc7 14. h3 O-O 15. Rad1 Rad8 16. Nd4 Rfe8 17. Rfe1 Nc5 18. Nf5 Bf8 19. g4 b5 20. b4 Ne6 21. a3 a5 22. Qb3 axb4 23. axb4 Nf4 24.
Bf1 Rxd1 25. Qxd1 Bxb4 26. Qb3 Ba5 27. Rc1 Qe5 28. Bd4 Qd5 29. exd5 Bxc3 30. Qxc3 Ne4 31. Qxc6 Rd8 32. Nxh6+ gxh6 33. Qxh6 Ne6 34. dxe6 Rxd4 35. Rc8+ Rd8 36. Rxd8# 1-0

[Event "Early-Titled-Tuesday-Blitz-February-20-2024"]
[Site "Chess.com"]
[Date "2024.02.20"]
[Round "1"]
[White "Evgeny81"]
[Black "Bkmzzzzz"]
[Result "1-0"]
[WhiteElo "2763"]
[BlackElo "2416"]
[TimeControl "180+1"]
[EndTime "8:05:44 PST"]
[Termination "Evgeny81 won by resignation"]

1. e4 d6 2. d4 Nf6 3. Nc3 e5 4. dxe5 dxe5 5. Qxd8+ Kxd8 6. Bc4 Be6 7. Bxe6 fxe6 8. Be3 Bd6 9. f3 Ke7 10. O-O-O Nc6 11.
h4 a6 12. Nh3 b5 13. Nf2 h6 14. h5 Rhf8 15. Rh3 Rf7 16. Rdh1 Rb8 17. Rg3 Nd4 18.
Kb1 b4 19. Na4 a5 20. b3 Nb5 21. Nd3 Nd7 22. Rd1 Rc8 23. Ndb2 Na3+ 24. Kc1 c5 25. c4 bxc3 26. Nc4 Nxc4 27. bxc4 Rb8 28. Kc2 Rb4 29. Nxc3 Rxc4 30. a3 Rd4 31. Rh3 Rxd1 32. Nxd1 Rf8 33. Nb2 Nb6 34. Rh1 Rb8 35. Rd1 Kd7 36.
Bxc5 Nc8 37. Nc4 1-0

[Event "Early-Titled-Tuesday-Blitz-February-20-2024"]
[Site "Chess.com"]
[Date "2024.02.20"]
[Round "1"]
[White "artin10862"]
[Black "FoggyMorning"]
[Result "1-0"]
[WhiteElo "2927"]
[BlackElo "2509"]
[TimeControl "180+1"]
[EndTime "8:05:46 PST"]
[Termination "artin10862 won on time"]

1. c4 e5 2. Nc3 Bb4 3. Qb3 Nc6 4. Nf3 Nf6 5. Nxe5 Nd4 6. Qa4 Qe7 7. Nd3 a5 8. e3 O-O 9. a3 Ra6 10. Rb1 Bxc3 11. bxc3 Nc6 12. Be2 d6 13. Nf4 Ra7 14. O-O Bf5 15. d3 h6 16. e4 Bh7 17. Be3 Raa8 18.
Rxb7 Ne5 19. h3 Ng6 20. Nxg6 Bxg6 21. Qc6 Rac8 22. Ra7 Nd7 23. Rxa5 Ne5 24. Qa4 Qf6 25. f4 1-0

[Event "Early-Titled-Tuesday-Blitz-February-20-2024"]
[Site "Chess.com"]
[Date "2024.02.20"]
[Round "1"]
[White "Juicy_Fork"]
[Black "VitaliyBernadskiy"]
[Result "0-1"]
[WhiteElo "2483"]
[BlackElo "2869"]
[TimeControl "180+1"]
[EndTime "8:05:46 PST"]
[Termination "VitaliyBernadskiy won by resignation"]

1. e4 e5 2. Nf3 Nc6 3. Bb5 Nf6 4. d3 d6 5. O-O a6 6. Bxc6+ bxc6 7. Nbd2 a5 8. a4 Be7 9. b3 O-O 10. Bb2 Nh5 11.
Nc4 Nf4 12. d4 f6 13. Ne3 Be6 14. Qd2 Qe8 15. Rad1 Qg6 16. Kh1 Qxe4 17. Rfe1 Bh3 18. dxe5 fxe5 19. Rg1 Bxg2+ 20. Nxg2 Qxf3 21. Rde1 Nh3 22.
Rgf1 Nxf2+ 23. Rxf2 Qxf2 24. Qd3 Qf3 25. Qc4+ d5 26.
Qd3 e4 27. Qxf3 Rxf3 28. Ne3 Raf8 29. Rg1 Bf6 30. Bxf6 R8xf6 31. Ng4 Rg6 32. Rg2 Rf1+ 0-1

[Event "Early-Titled-Tuesday-Blitz-February-20-2024"]
[Site "Chess.com"]
[Date "2024.02.20"]
[Round "1"]
[White "hsd2016"]
[Black "djano"]
[Result "0-1"]
[WhiteElo "2329"]
[BlackElo "2673"]
[TimeControl "180+1"]
[EndTime "8:05:46 PST"]
[Termination "djano won by resignation"]

1. f3 e5 2. d4 exd4 3. c3 dxc3 4. Nxc3 Nf6 5. e4 Bc5 6. e5 Nh5 7. Qd5 Qh4+ 8. g3 Nxg3 9. hxg3 Qxg3+ 10. Kd1 Bxg1 11.
Bc4 Qg6 12. Ne4 Nc6 13. Bg5 Bb6 14. Nf6+ gxf6 15. exf6 d6 16. Rh6 Be6 17. Qb5 Qf5 18. Bxe6 Qxb5 0-1

[Event "Early-Titled-Tuesday-Blitz-February-20-2024"]
[Site "Chess.com"]
[Date "2024.02.20"]
[Round "1"]
[White "microbear"]
[Black "Kostya0705"]
[Result "0-1"]
[WhiteElo "2295"]
[BlackElo "2636"]
[TimeControl "180+1"]
[EndTime "8:05:47 PST"]
[Termination "Kostya0705 won by resignation"]

1. e4 c5 2. Nf3 e6 3. d4 cxd4 4. Nxd4 Nc6 5. Nc3 Qc7 6. g3 a6 7. Bg2 Nf6 8. O-O Nxd4 9. Qxd4 Bc5 10. Qd3 O-O 11. Bg5 Ne8 12. Na4 Ba7 13. Be7 b5 14.
Bxf8 Kxf8 15. Nc3 Bb7 16. Rad1 d6 17. Ne2 Rc8 18. c3 Qa5 19. a3 Qa4 20. e5 Bxg2 21. Kxg2 dxe5 22. Qxh7 Ke7 23. Rd2 Nf6 24. Qh4 Rc4 25.
Qh8 Nd5 26. Qa8 Rc7 27. Rfd1 Qe4+ 28. Kf1 Ne3+ 29. fxe3 Qxa8 0-1

[Event "Early-Titled-Tuesday-Blitz-February-20-2024"]
[Site "Chess.com"]
[Date "2024.02.20"]
[Round "1"]
[White "Ishowmoves57"]
[Black "rhungaski"]
[Result "0-1"]
[WhiteElo "2142"]
[BlackElo "2572"]
[TimeControl "180+1"]
[EndTime "8:05:47 PST"]
[Termination "rhungaski won by resignation"]

1. e4 g6 2. d4 Bg7 3. Bc4 d6 4. Nf3 a6 5. O-O b5 6. Bb3 e6 7. c4 bxc4 8. Bxc4 Nd7 9. Nc3 h6 10. Bf4 Nb6 11. Bb3 Ne7 12. Qd2 Bb7 13. Rfe1 g5 14.
Bg3 Ng6 15. Na4 Nd7 16. e5 Bxf3 17. gxf3 d5 18. Rac1 h5 19. h3 g4 20. fxg4 hxg4 21. hxg4 Bh6 22. f4 Bxf4 23. Bxf4 Qh4 24. Bd1 Nxf4 25.
Qxf4 Qxe1+ 0-1

[Event "Early-Titled-Tuesday-Blitz-February-20-2024"]
[Site "Chess.com"]
[Date "2024.02.20"]
[Round "1"]
[White "Nouali_Mohamed"]
[Black "Bigfish1995"]
[Result "0-1"]
[WhiteElo "2538"]
[BlackElo "3180"]
[TimeControl "180+1"]
[EndTime "8:05:48 PST"]
[Termination "Bigfish1995 won by resignation"]

1. e4 c6 2. d4 d5 3. e5 Bf5 4.
Nc3 h5 5. Nf3 e6 6. Be2 Be7 7.
O-O h4 8. h3 Nd7 9. Be3 Nh6 10.
Qd2 Bg6 11. a3 Nf5 12. b4 a5 13. b5 c5 14. b6 cxd4 15. Nxd4 Nxe3 16. fxe3 O-O 17.
Na4 Nxe5 18. Nb5 Qd7 19. Nac3 Bc5 20. Kh1 Bxb6 21. Rab1 Bc5 22. Na4 b6 23. c4 Bxb1 24.
Rxb1 dxc4 0-1

[Event "Early-Titled-Tuesday-Blitz-February-20-2024"]
[Site "Chess.com"]
[Date "2024.02.20"]
[Round "1"]
[White "SaiAgni_98"]
[Black "campochess"]
[Result "1-0"]
[WhiteElo "2572"]
[BlackElo "2145"]
[TimeControl "180+1"]
[EndTime "8:05:48 PST"]
[Termination "SaiAgni_98 won by resignation"]

1. e4 c5 2. Nf3 Nc6 3. Bb5 e5 4. Bxc6 dxc6 5. h3 Bd6 6. O-O Nf6 7. d3 h6 8. Be3 O-O 9. Nc3 Nd7 10. Nh2 b5 11. f4 b4 12. Ne2 exf4 13. Bxf4 Bxf4 14. Rxf4 Ne5 15. Qe1 Be6 16. Qf2 Ng6 17. Rf3 Qd6 18. Rf1 a5 19. b3 a4 20. Ng3 axb3 21. axb3 Ne5 22. Re3 Qd4 23. Nf3 Nxf3+ 24. Qxf3 Ra1 25. Rxa1 Qxa1+ 26. Kh2 Qe5 27. Qh5 Qxh5 28. Nxh5 Ra8 29. Nf4 Bd7 30. Kg3 Ra2 31. Re2 Ra1 32. Kf2 Kh7 33.
Ke3 Ra8 34. Rf2 Re8 35. Kd2 f5 36. exf5 Bxf5 37. g4 Bd7 38. Nh5 Re7 39. Rf4 Be8 40.
Ng3 Re5 41. Re4 Rxe4 42. Nxe4 h5 43. Ke3 hxg4 44. hxg4 Kg6 45. Kf4 Kf7 46. Nxc5 Ke7 47. Na6 1-0

[Event "Early-Titled-Tuesday-Blitz-February-20-2024"]
[Site "Chess.com"]
[Date "2024.02.20"]
[Round "1"]
[White "Chessbard1972"]
[Black "vovachesss"]
[Result "0-1"]
[WhiteElo "2462"]
[BlackElo "2820"]
[TimeControl "180+1"]
[EndTime "8:05:49 PST"]
[Termination "vovachesss won by resignation"]

1. d4 d6 2. e4 Nf6 3. Nc3 e5 4.
Nf3 Nbd7 5. Bc4 Be7 6. g4 g6 7. g5 Nh5 8. dxe5 Nxe5 9. Nxe5 dxe5 10. Qf3 O-O 11. h4 c6 12. Be3 b5 13. Bb3 a5 14.
a3 Bd7 15. Rd1 Qc8 16. Rg1 Be6 17. Ke2 Bxb3 18. cxb3 Qe6 19. Rd3 Qxb3 20. Rd2 Qc4+ 21. Ke1 Rad8 22. Bb6 Rxd2 23. Kxd2 Qb3 24. Kc1 b4 25.
axb4 axb4 26. Rd1 bxc3 27. Qxc3 Qxb6 28. Qxe5 Bc5 29. f4 Be3+ 30. Kb1 Bxf4 31. Qc3 Re8 32. Re1 Be5 33. Qc2 Nf4 34. Rd1 Rb8 35. Rd2 Qxb2+ 36.
Qxb2 Rxb2+ 37. Rxb2 Bxb2 38. Kxb2 Ng2 39. Kc3 Nxh4 40.
Kd4 Nf3+ 41. Kc5 Nxg5 42. Kxc6 Nxe4 43. Kd5 Nf6+ 44. Ke5 Kg7 45. Kf4 h6 0-1

[Event "Early-Titled-Tuesday-Blitz-February-20-2024"]
[Site "Chess.com"]
[Date "2024.02.20"]
[Round "1"]
[White "manitodeplomo"]
[Black "simonachess"]
[Result "1-0"]
[WhiteElo "2647"]
[BlackElo "2315"]
[TimeControl "180+1"]
[EndTime "8:05:50 PST"]
[Termination "manitodeplomo won on time"]

1. d4 Nf6 2. c4 e6 3. Nf3 b6 4. g3 Bb7 5. Bg2 Be7 6. Nc3 d6 7. Qc2 Nbd7 8. e4 e5 9. O-O O-O 10. b3 Re8 11. Bb2 Bf8 12. Rad1 Qc8 13. Rfe1 g6 14.
h3 Bg7 15. Kh2 exd4 16. Nxd4 Nc5 17. b4 Ne6 18. Nd5 Nxd4 19. Bxd4 Nxd5 20. Bxg7 Kxg7 21. cxd5 f6 22. Re3 Re7 23. Rc3 Qd8 24. Rc1 Rc8 25. h4 a5 26. b5 Rb8 27. Rxc7 Rxc7 28. Qxc7+ Qxc7 29. Rxc7+ Kh6 30. a4 Bc8 31. Bh3 f5 32. f4 1-0

[Event "Early-Titled-Tuesday-Blitz-February-20-2024"]
[Site "Chess.com"]
[Date "2024.02.20"]
[Round "1"]
[White "LionKing2367890"]
[Black "bulletteemo"]
[Result "1/2-1/2"]
[WhiteElo "2259"]
[BlackElo "2605"]
[TimeControl "180+1"]
[EndTime "8:05:50 PST"]
[Termination "Game drawn by repetition"]

1. e4 c5 2. Nf3 d6 3. d4 cxd4 4. Nxd4 Nf6 5. f3 g6 6. c4 Bg7 7. Nc3 Nc6 8. Be3 O-O 9. Be2 e6 10. O-O d5 11. cxd5 exd5 12. exd5 Nxd5 13. Nxc6 bxc6 14. Nxd5 Qxd5 15. Qxd5 cxd5 16. Rfd1 Re8 17. Kf2 Bxb2 18. Rab1 Bf6 19. Rxd5 Be6 20. Rd2 a5 21. a4 Bc3 22. Rd6 Bb4 23. Rdd1 Rac8 24. Bb5 Re7 25. Rbc1 Rxc1 26. Rxc1 f6 27. Rc6 Kg7 28. Bc5 Bxc5+ 29.
Rxc5 Bb3 30. Rc3 Bd1 31. Rc1 Bb3 32. Rc3 Bd1 33. Rc1 Bb3 34. Rc3 1/2-1/2

[Event "Early-Titled-Tuesday-Blitz-February-20-2024"]
[Site "Chess.com"]
[Date "2024.02.20"]
[Round "1"]
[White "DonkyDonkyDonkey"]
[Black "Perecke"]
[Result "1-0"]
[WhiteElo "2918"]
[BlackElo "2506"]
[TimeControl "180+1"]
[EndTime "8:05:52 PST"]
[Termination "DonkyDonkyDonkey won by resignation"]

1. e4 c5 2. Nc3 e6 3. f4 Nc6 4. Nf3 d5 5. Bb5 Nf6 6. e5 Nd7 7. Bxc6 bxc6 8. O-O Be7 9. Qe1 O-O 10. d3 f6 11.
exf6 Nxf6 12. Ne5 Qc7 13. Bd2 Ba6 14. b3 Rad8 15. Na4 Nd7 16. Ba5 Nb6 17. c4 Bf6 18.
Nxc5 Bc8 19. Rd1 dxc4 20. bxc4 Bxe5 21. Qxe5 Qxe5 22. fxe5 Rxf1+ 23. Rxf1 Rf8 24. Rxf8+ Kxf8 25. Bxb6 axb6 26. Na4 b5 27. Nc5 bxc4 28. dxc4 Ke7 29. Kf2 Bd7 30. Ke3 Be8 31. Kd4 Bh5 32. a4 Bg4 33. a5 Kd8 34. h3 Bf5 35. g4 Bc2 36. Nxe6+ Kc8 37. Nxg7 Kb7 38. Kc5 1-0

[Event "Early-Titled-Tuesday-Blitz-February-20-2024"]
[Site "Chess.com"]
[Date "2024.02.20"]
[Round "1"]
[White "DavidGavrilescu18"]
[Black "esrosenberg"]
[Result "1-0"]
[WhiteElo "2769"]
[BlackElo "2424"]
[TimeControl "180+1"]
[EndTime "8:05:54 PST"]
[Termination "DavidGavrilescu18 won by resignation"]

1. Nf3 d5 2. g3 Nd7 3. d4 Nb6 4. a4 a5 5. Nbd2 Nf6 6. Bg2 Bf5 7.
O-O e6 8. b3 h6 9. c4 c6 10.
Ne5 Be7 11. Bb2 O-O 12. Re1 Bb4 13. Ba3 Bxa3 14. Rxa3 Nbd7 15. Nd3 Qb6 16. Nf3 Ne4 17. e3 Bg4 18. h3 Bh5 19. g4 Bg6 20. Nfe5 Nxe5 21. Nxe5 Rad8 22. Nxg6 fxg6 23. Bxe4 dxe4 24. Qc2 Qb4 25. Raa1 Rf3 26. Qxe4 Rdf8 27. Rf1 R8f6 28. Qc2 Rxh3 29. Rab1 Kh7 30. Kg2 Rhf3 31. Qe4 Qd2 32. Qxf3 Rxf3 33. Kxf3 g5 34. Rfd1 Qc2 35. Rdc1 Qg6 36.
b4 axb4 37. Rxb4 Qf7+ 38. Ke2 Qd7 39. f3 Qc7 40. Rcb1 Qh2+ 41. Kd3 Qa2 42. Rxb7 Qxa4 43. Rc7 Qa3+ 44. Ke4 Qa2 45. Rbb7 Qxc4 46. Rxg7+ Kh8 47.
Rgd7 1-0

[Event "Early-Titled-Tuesday-Blitz-February-20-2024"]
[Site "Chess.com"]
[Date "2024.02.20"]
[Round "1"]
[White "nekotyanof"]
[Black "Doublekk14"]
[Result "1-0"]
[WhiteElo "2632"]
[BlackElo "2278"]
[TimeControl "180+1"]
[EndTime "8:05:54 PST"]
[Termination "nekotyanof won on time"]

1. e4 c5 2. Nf3 e6 3. Nc3 Nc6 4. d4 cxd4 5. Nxd4 Nf6 6. g3 d6 7. Bg2 a6 8. O-O Qc7 9. Bg5 Be7 10. Nxc6 bxc6 11. f4 h6 12. Bh4 e5 13. f5 h5 14. Bf3 Qb6+ 15. Kg2 Qxb2 16. Qd3 Qb4 17. Rab1 Qd4 18. Qxd4 exd4 19. e5 dxe5 20. Bxc6+ Bd7 21. Bxa8 O-O 22. Nd5 Rxa8 23. Nxe7+ Kf8 24. Bxf6 gxf6 25. c3 d3 26. Nd5 Bc6 27. c4 e4 28. Kf2 1-0

[Event "Early-Titled-Tuesday-Blitz-February-20-2024"]
[Site "Chess.com"]
[Date "2024.02.20"]
[Round "1"]
[White "Actuary44"]
[Black "dropstoneDP"]
[Result "0-1"]
[WhiteElo "2526"]
[BlackElo "3033"]
[TimeControl "180+1"]
[EndTime "8:05:56 PST"]
[Termination "dropstoneDP won by resignation"]

1. e4 e5 2. d4 exd4 3. c3 dxc3 4.
Bc4 cxb2 5. Bxb2 d5 6. Bxd5 Nf6 7. Bxf7+ Kxf7 8. Qxd8 Bb4+ 9. Qd2 Bxd2+ 10. Nxd2 Be6 11. Ne2 Nc6 12. O-O Rad8 13. Rfd1 Rd7 14. Nb3 Rxd1+ 15. Rxd1 Nxe4 16. Nf4 Bxb3 17. axb3 Rd8 18. Rxd8 Nxd8 19.
f3 Nc5 20. b4 Nce6 21. Nd3 a6 22. Kf2 Nc6 23. Ke3 g6 24. h4 Nf8 25. Nc5 Nxb4 26. Nxb7 Nd7 27. Kd4 c5+ 28. Kc4 Ke6 29. Ba3 Nc2 30. Bxc5 Nxc5 31. Nxc5+ Kf5 32. Nxa6 Ne3+ 33. Kd3 Nxg2 34. h5 Nf4+ 35. Ke3 Nxh5 36. Nc5 Nf6 37.
Kf2 g5 38. Nb3 Ke5 39. Nd2 h5 40. Kg3 h4+ 41. Kf2 Kf4 42. Nc4 Nd5 43. Nd6 Nb4 44.
Nf7 Nd3+ 45. Kg2 Ne5 46. Nxe5 Kxe5 47. Kh3 Kf4 48. Kg2 Ke3 49. Kh3 Kxf3 0-1

[Event "Early-Titled-Tuesday-Blitz-February-20-2024"]
[Site "Chess.com"]
[Date "2024.02.20"]
[Round "1"]
[White "soloderisas"]
[Black "lasRojas"]
[Result "1-0"]
[WhiteElo "2618"]
[BlackElo "2259"]
[TimeControl "180+1"]
[EndTime "8:05:57 PST"]
[Termination "soloderisas won by resignation"]

1. d4 Nf6 2. Nf3 e6 3. Bf4 c5 4. e3 b6 5. Nbd2 Bb7 6. Nc4 d6 7. dxc5 dxc5 8. Qxd8+ Kxd8 9. O-O-O+ Ke8 10. Nce5 Nd5 11.
Bb5+ Ke7 12. Bg3 a6 13. Be2 Nc6 14. Nc4 Ncb4 15. a3 Na2+ 16. Kb1 Nac3+ 17. bxc3 Nxc3+ 18. Kb2 Nxe2 19. Bd6+ Ke8 20. Bxf8 Kxf8 21. Rd2 Bd5 22. Nfe5 f6 23. Nd7+ Ke7 24. Ncxb6 Rad8 25. Rxe2 Rxd7 26. Nxd7 Kxd7 27. e4 Rb8+ 28. Kc3 Bc6 29. Rd1+ Kc7 30. f3 Rb5 31. Red2 Ra5 32. Rd6 Rxa3+ 33. Kb2 Re3 34. Rxe6 1-0

[Event "Early-Titled-Tuesday-Blitz-February-20-2024"]
[Site "Chess.com"]
[Date "2024.02.20"]
[Round "1"]
[White "ozates"]
[Black "Pikku_Myy73"]
[Result "1-0"]
[WhiteElo "2594"]
[BlackElo "2211"]
[TimeControl "180+1"]
[EndTime "8:05:58 PST"]
[Termination "ozates won on time"]

1. e4 e6 2. d4 d5 3. Nd2 c5 4. exd5 Qxd5 5. dxc5 Qxc5 6. Ngf3 Qc7 7. a4 Nc6 8. Be2 Nf6 9. O-O Be7 10. Nc4 O-O 11.
c3 b6 12. Bg5 Bb7 13. Qc2 h6 14. Bh4 Rad8 15. Bg3 Qc8 16. a5 b5 17. Ne3 a6 18. b4 Bd6 19. Rfd1 Bxg3 20. hxg3 Qc7 21. g4 Ne5 22. Nxe5 Qxe5 23. Rxd8 Rxd8 24. Rd1 Rxd1+ 25. Qxd1 Qxc3 26. Qd8+ Kh7 27. Qe7 Qc6 28. Qxf7 Qc1+ 29. Kh2 Ne4 30. Qxb7 Nxf2 31. Qf3 Qh1+ 32. Kg3 1-0

[Event "Early-Titled-Tuesday-Blitz-February-20-2024"]
[Site "Chess.com"]
[Date "2024.02.20"]
[Round "1"]
[White "biostatistician"]
[Black "Louis-Paulsen-Fan"]
[Result "1-0"]
[WhiteElo "2591"]
[BlackElo "2199"]
[TimeControl "180+1"]
[EndTime "8:05:58 PST"]
[Termination "biostatistician won by resignation"]

1. d4 d5 2. Nf3 e6 3. c4 c5 4. cxd5 exd5 5. Nc3 Nc6 6. Bg5 Be7 7. Bxe7 Ngxe7 8. e3 c4 9. g3 O-O 10. Bg2 Rb8 11. O-O Bf5 12. Re1 Bd3 13. Rc1 b5 14. e4 dxe4 15. Nxe4 Nxd4 16. Ne5 Ng6 17. Nxd3 cxd3 18. Qxd3 Ne5 19. Qe3 Qb6 20. Kh1 Rfe8 21. Nc3 a6 22. Nd5 Qa7 23. Rc7 1-0

[Event "Early-Titled-Tuesday-Blitz-February-20-2024"]
[Site "Chess.com"]
[Date "2024.02.20"]
[Round "1"]
[White "FairChess_on_YouTube"]
[Black "malakismayil"]
[Result "1-0"]
[WhiteElo "3069"]
[BlackElo "2534"]
[TimeControl "180+1"]
[EndTime "8:05:59 PST"]
[Termination "FairChess_on_YouTube won on time"]

1. d4 d5 2. c4 e6 3. Nf3 Nf6 4.
Bg5 Be7 5. e3 O-O 6. Qc2 h6 7.
Bxf6 Bxf6 8. h4 c5 9. g4 Be7 10. g5 h5 11. Nc3 cxd4 12. exd4 Nc6 13. O-O-O g6 14. Kb1 Bd7 15. Ne5 Nxe5 16. dxe5 Qc7 17.
cxd5 Qxe5 18. Bc4 Rac8 19. Rhe1 Qf5 20. Qxf5 gxf5 21. dxe6 Bxe6 22. Rxe6 fxe6 23. Bxe6+ Kg7 24. Bxc8 Rxc8 25. Rd7 Kf7 26. Rxb7 Ke6 27. Rxa7 Bc5 28. Ra6+ Ke5 29. Ra5 Kf4 30. g6 Bxf2 31. Nd5+ Kf3 32. Ne7 Re8 33. Rxf5+ Kg3 34. g7 1-0

[Event "Early-Titled-Tuesday-Blitz-February-20-2024"]
[Site "Chess.com"]
[Date "2024.02.20"]
[Round "1"]
[White "Arystanner"]
[Black "szachmistrz2500"]
[Result "1-0"]
[WhiteElo "2774"]
[BlackElo "2435"]
[TimeControl "180+1"]
[EndTime "8:06:00 PST"]
[Termination "Arystanner won by resignation"]

1. e4 c5 2. Nf3 d6 3. Bb5+ Bd7 4. Bxd7+ Qxd7 5. O-O Nc6 6. d4 cxd4 7. Nxd4 Nf6 8. Re1 g6 9. c4 Bg7 10. Nf3 O-O 11. Nc3 Rac8 12. Bd2 Ng4 13. b3 Nd4 14. h3 Nxf3+ 15.
Qxf3 Ne5 16. Qe2 a6 17. Rad1 Qc6 18. Nd5 Rfe8 19. a4 Rb8 20. Rc1 e6 21. Nc3 Red8 22. Bg5 Rd7 23. Red1 h6 24. Be3 g5 25. a5 Ng6 26. Na4 Be5 27. Qf3 Kg7 28. Nb6 Rdd8 29. b4 f5 30. exf5 Qxf3 31. gxf3 exf5 32. Kf1 Rf8 33.
Nd7 Rbe8 34. Nxf8 Nxf8 35. c5 dxc5 36. Bxc5 Ne6 37. Rd7+ Kf6 38. Rxb7 Nxc5 39. bxc5 Bd4 40. c6 Rc8 41. c7 Be5 42. Rc6+ Kg7 43. Rxa6 1-0

[Event "Early-Titled-Tuesday-Blitz-February-20-2024"]
[Site "Chess.com"]
[Date "2024.02.20"]
[Round "1"]
[White "Fumitoks"]
[Black "EdmundPlayer"]
[Result "1-0"]
[WhiteElo "2640"]
[BlackElo "2299"]
[TimeControl "180+1"]
[EndTime "8:06:00 PST"]
[Termination "Fumitoks won by resignation"]

1. e4 c6 2. d3 g6 3. g3 Bg7 4. Bg2 d5 5. Nd2 e5 6. Ne2 Ne7 7. O-O Be6 8. c3 Nd7 9. f4 O-O 10. fxe5 Nxe5 11. d4 Nd3 12. Nf4 Nxf4 13. Rxf4 dxe4 14.
Nxe4 f5 15. Nc5 Bc8 16. Qb3+ Kh8 17. Nxb7 Bxb7 18. Qxb7 Rb8 19. Qxa7 Nd5 20. Rf2 Qd6 21. Bxd5 Qxd5 22. Bf4 Ra8 23. Qc5 Rxa2 24. Rxa2 Qxa2 25. Qxc6 Qb1+ 26. Kg2 Ra8 27. Qxa8+ 1-0

[Event "Early-Titled-Tuesday-Blitz-February-20-2024"]
[Site "Chess.com"]
[Date "2024.02.20"]
[Round "1"]
[White "Kumi29"]
[Black "JaackCamel"]
[Result "1-0"]
[WhiteElo "2592"]
[BlackElo "2201"]
[TimeControl "180+1"]
[EndTime "8:06:00 PST"]
[Termination "Kumi29 won by checkmate"]

1. d4 d5 2. Bg5 Nf6 3. Bxf6 exf6 4. e3 Bd6 5. Bd3 O-O 6. Nd2 Nc6 7. c3 Re8 8. Qf3 Ne7 9. Ne2 Ng6 10. h4 h6 11.
O-O-O c6 12. Rdg1 Be6 13. g4 c5 14. g5 fxg5 15. hxg5 cxd4 16. cxd4 Rc8+ 17. Kb1 hxg5 18. Qh5 Kf8 19. Rxg5 Ke7 20. Bxg6 fxg6 21. Qxg6 Rg8 22.
Nc3 a6 23. Nxd5+ Bxd5 24. Rxd5 Rc6 25. Ne4 Qc7 26. Qg5+ Kd7 27. Nf6+ gxf6 28. Rh7+ Ke6 29.
Qf5# 1-0

[Event "Early-Titled-Tuesday-Blitz-February-20-2024"]
[Site "Chess.com"]
[Date "2024.02.20"]
[Round "1"]
[White "Kopytkin"]
[Black "Mops_2004"]
[Result "0-1"]
[WhiteElo "2383"]
[BlackElo "2716"]
[TimeControl "180+1"]
[EndTime "8:06:02 PST"]
[Termination "Mops_2004 won on time"]

1. e4 g6 2. d4 Bg7 3. Nc3 d6 4. h3 a6 5. a4 Nc6 6. Be3 Nf6 7. Nge2 O-O 8. g4 e5 9. d5 Ne7 10. Qd2 c6 11. dxc6 bxc6 12. Bg2 d5 13. exd5 Nfxd5 14. Bg5 Qb6 15. Nxd5 Nxd5 16. O-O Be6 17. a5 Qb7 18. c4 Nb4 19. Ra4 Rab8 20. Qc3 e4 21. Bf6 Bxf6 22. Qxf6 Bxc4 23. Nf4 Nd5 24. Nxd5 cxd5 25.
Rb1 Bd3 26. Re1 Qxb2 27. Rd4 Rb4 28. Rxb4 Qxf6 29. Rb6 Qc3 0-1

[Event "Early-Titled-Tuesday-Blitz-February-20-2024"]
[Site "Chess.com"]
[Date "2024.02.20"]
[Round "1"]
[White "Skatchkov_V"]
[Black "Jamal-Jamal-Jamal"]
[Result "1-0"]
[WhiteElo "2616"]
[BlackElo "2261"]
[TimeControl "180+1"]
[EndTime "8:06:02 PST"]
[Termination "Skatchkov_V won on time"]

1. d4 f5 2. c4 e6 3. g3 Nf6 4. Bg2 Be7 5. Nh3 O-O 6. O-O d6 7. Nc3 c6 8. e4 Nxe4 9. Nxe4 fxe4 10. Bxe4 Qe8 11. Qd3 e5 12. Bxh7+ Kh8 13. Bg6 Qd8 14.
Qe2 Rf5 15. Bxf5 Bxf5 16. Qh5+ Bh7 17. Ng5 Bxg5 18. Bxg5 Qf8 19. dxe5 dxe5 20. Rad1 Na6 21. Rfe1 Re8 22. Qxe8 Qxe8 23. Rd8 Qxd8 24. Bxd8 e4 25.
Rd1 Bg6 26. Rd7 Nc5 27. Re7 Nd3 28. Bc7 b6 29. b3 b5 30. c5 a6 31. Bd6 a5 32. Ra7 a4 33. bxa4 bxa4 34. Rxa4 Kh7 35.
Ra7 Kh6 36. a4 Ne1 37. a5 Nf3+ 38. Kg2 Ne1+ 39. Kf1 Nc2 40. a6 e3 41. Bf4+ Kh5 42.
fxe3 1-0